 Dungeon Crawl Stone Soup version 0.25.1-3-ge44b62a0b3 (webtiles) character file.

Game seed: 18276664732150629133

113 Mrkan the Shield-Bearer (level 4, -4/29 HPs)
             Began as a Gargoyle Fighter on Nov 22, 2020.
             Shot with an arrow by a centaur (8 damage)
             ... on level 2 of the Dungeon.
             The game lasted 00:02:05 (1712 turns).

Mrkan the Shield-Bearer (Gargoyle Fighter)          Turns: 1712, Time: 00:02:06

Health: -4/29      AC: 10    Str: 21    XL:     4   Next: 96%
Magic:  4/4        EV:  7    Int:  8    God:
Gold:   62         SH:  9    Dex:  9    Spells: 3/3 levels left

rFire    . . .     SeeInvis .   a - +0 flail
rCold    . . .     Gourm    .   c - +0 kite shield
rNeg     + . .     Faith    .   b - +0 scale mail
rPois    ∞         Spirit   .   (no helmet)
rElec    +         Reflect  .   (no cloak)
rCorr    .         Harm     .   (no gloves)
MR       .....                  (no boots)
Stlth    ..........             (no amulet)
HPRegen  0.09/turn              (no ring)
MPRegen  0.09/turn              (no ring)

@: no status effects
A: negative energy resistance 1, electricity resistance, unbreathing,
petrification resistance, rot immunity, AC +3
a: no special abilities


You were on level 2 of the Dungeon.
You were not hungry.

You visited 1 branch of the dungeon, and saw 2 of its levels.

You collected 62 gold pieces.

Inventory:

Hand Weapons
 a - a +0 flail (weapon)
Armour
 b - a +0 scale mail (worn)
 c - a +0 kite shield (worn)
Jewellery
 i - an uncursed ring of positive energy {unknown}
Scrolls
 j - a scroll of random uselessness {unknown}
 m - a scroll of teleportation {unknown}
 n - a scroll of identify {unknown}
 o - a scroll of remove curse {unknown}
Potions
 d - 3 potions of might
 e - 2 potions of curing {unknown}
 g - 2 potions of haste {unknown}
 k - a potion of degeneration {unknown}
 l - a potion of magic {unknown}
Comestibles
 f - 2 rations
 h - 4 chunks of flesh


   Skills:
 + Level 4.0 Fighting
 * Level 3.5 Maces & Flails
 + Level 3.9 Armour
 + Level 4.0 Shields


You had 3 spell levels left.
You didn't know any spells.
Your spell library was empty.

Dungeon Overview and Level Annotations

Branches:
Dungeon (2/15)

Altars:
Elyvilon


Innate Abilities, Weirdness & Mutations

You are resistant to torment.
Your stone body is resilient. (AC +3)
You are immune to poison.
You resist negative energy. (rN+)
You are resistant to electric shocks. (rElec)
You can survive without breathing.
You are immune to petrification.
You are immune to rotting.


Message History

The bat barely misses you. You block the bat's attack.
The bat hits you but does no damage. The bat hits you but does no damage.
You block the bat's attack. You block the bat's attack.
The bat hits you but does no damage.
The centaur shoots an arrow.
The arrow barely misses you. The bat hits you but does no damage.
The bat hits you but does no damage.
You see here an arrow.
The bat hits you but does no damage.
The centaur shoots an arrow.
The arrow hits you.
* * * LOW HITPOINT WARNING * * *
You see here an arrow.
The bat hits you but does no damage.
The centaur shoots an arrow.
The arrow hits you but does no damage.
You see here an arrow.
You block the bat's attack.
The centaur shoots an arrow.
The arrow hits you!
You die...

............#.#.#........##.....#
.........................#.......
######......########.#....†.. ..
#..................._...
..#######...............#.......
........................#.......
#...........##.........##.....#
#...........##.........####.###
#...........##@................
#...........#.(............#...
#...........#(.............#...
#...........#(..b......###.##..
###...........#........((........
..............#.r.......#....#+#>
..............#c........#........
..............#.........#........
...############.....[...#........


You could see a centaur, a bat and a rat.

Vanquished Creatures
  Jessica (D:2)
  A gnoll (D:1)
  3 adders (D:2)
  2 worms (D:2)
  A dart slug (D:1)
  A ball python (D:2)
  3 giant cockroaches
  7 goblins
  2 hobgoblins
  2 jackals (D:2)
  2 quokkas (D:2)
  A bat (D:1)
  3 frilled lizards
  6 kobolds
  12 rats
47 creatures vanquished.

Notes
Turn   | Place    | Note
-------+----------+-------------------------------------------
     0 | D:1      | Mrkan the Gargoyle Fighter began the quest for the Orb.
     0 | D:1      | Reached XP level 1. HP: 14/14 MP: 1/1
   137 | D:1      | Reached XP level 2. HP: 19/19 MP: 2/2
   425 | D:1      | Reached XP level 3. HP: 20/23 MP: 3/3
   944 | D:2      | Found a white marble altar of Elyvilon.
  1035 | D:2      | Reached XP level 4. HP: 15/29 MP: 4/4
  1239 | D:2      | Noticed Jessica
  1246 | D:2      | Killed Jessica
  1676 | D:2      | Noticed a centaur
  1712 | D:2      | Shot with an arrow by a centaur

Illustrated notes

Levels and vault maps discovered:
D:1:      ebering_trefoil_twist, layout_loops_ring
D:2:      layout_basic, old_standard_altar, minmay_cupped, uniq_jessica

Skill      XL: |  1  2  3  4 |
---------------+-------------+-----
Maces & Flails | 3 |  3.5
Shields        | 4 |  4.0
Fighting       | 4 |  4.0
Armour         | |  3.9

Action                   |  1- 3 |  4- 6 || total
-------------------------+-------+-------++-------
Melee: Flail             |    96 |    73 ||   169
  Eat: Chunk             |       |     3 ||     3
Armor: Scale mail        |    51 |    68 ||   119
Dodge: Dodged            |    49 |    31 ||    80
Block: Kite shield       |    62 |    67 ||   129
